 Dungeon Crawl Stone Soup version 0.18.1-5-g4a78601 (webtiles) character file.

43092 Romlok the Cleaver (level 14, -2/115 HPs)
             Began as a Hill Orc Abyssal Knight on May 14, 2016.
             Was a Follower of Qazlal.
             Slain by a white ugly thing (4 damage)
             ... on level 14 of the Dungeon.
             The game lasted 04:35:54 (35501 turns).

Romlok the Cleaver (Hill Orc Abyssal Knight)       Turns: 35501, Time: 04:35:56

Health: -2/115     AC:  0    Str: 16    XL:     14   Next: 22%
Magic:  24/24      EV: 12    Int: 12    God:    Qazlal [*.....]
Gold:   1283       SH: 13    Dex: 14    Spells: 1 memorised, 12 levels left

rFire  . . .     SeeInvis +     a - +12 morningstar "Beastbane" {crush, +Fly rPois rC+}
rCold  + + .     Gourm    .     f - +1 scale mail {rC+}
rNeg   . . .     Faith    .     h - +0 shield
rPois  +         Spirit   .     X - +2 hat
rElec  .         Dismiss  +     (no cloak)
rCorr  .         Reflect  .     (no gloves)
SustAt .         Harm     .     i - +0 pair of boots
MR     ++...                    y - amulet of dismissal
Stlth  ..........               O - ring of see invisible
                                p - ring of protection from magic

@: about to teleport, corroded, very resistant to hostile enchantments,
extremely unstealthy
A: no striking features
a: Renounce Religion, Evoke Flight


You were on level 14 of the Dungeon.
You worshipped Qazlal.
Qazlal was aware of your devotion.
You were very hungry.

You visited 2 branches of the dungeon, and saw 16 of its levels.
You visited the Abyss 3 times.
You also visited: Bailey.

You collected 1841 gold pieces.
You spent 558 gold pieces at shops.

Inventory:

Hand Weapons
 a - the +12 morningstar "Beastbane" (weapon) {crush, +Fly rPois rC+}
   (You bought it in a shop on level 13 of the Dungeon)

   It inflicts extra damage upon your enemies.
   It protects you from cold.
   It protects you from poison.
   It lets you fly.
 b - a +2 hand axe of flaming
 m - a +2 mace of draining
 s - a +1 hand axe of freezing
 T - a +1 antimagic hand axe
Missiles
 D - 36 tomahawks (quivered)
 I - a throwing net
Armour
 f - a +1 scale mail of cold resistance (worn)
 g - a +0 large shield
 h - a +0 shield (worn)
 i - a +0 pair of boots (worn)
 X - a +2 hat (worn)
Jewellery
 p - a ring of protection from magic (left hand)
 y - an amulet of dismissal (around neck)
 E - an uncursed ring of positive energy
 O - a ring of see invisible (right hand)
 P - an uncursed ring of sustain attributes
Wands
 c - a wand of slowing (43/48)
 A - a wand of confusion (21/48)
 C - a wand of acid (2/15)
 G - a wand of slowing (33/48)
 J - a wand of teleportation (5/9)
 U - a wand of paralysis (10/24)
Scrolls
 d - 7 scrolls of remove curse
 e - 10 scrolls of identify
 k - 2 scrolls of recharging
 w - a scroll of blinking
 z - 5 scrolls of fog
 B - 5 scrolls of amnesia
 Q - 2 scrolls of enchant weapon
Potions
 o - a potion of cure mutation
 L - a potion of curing
Books
 l - a book of Ice

   Spells                             Type                      Level
   a - Ice Form                       Ice/Transmutation            4
   b - Metabolic Englaciation         Hexes/Ice                    5
   c - Ozocubu's Refrigeration        Ice                          6
   d - Bolt of Cold                   Conjuration/Ice              6
   e - Freezing Cloud                 Conjuration/Ice/Air          6
   f - Simulacrum                     Ice/Necromancy               6
 r - a book of Conjurations

   Spells                             Type                      Level
   a - Magic Dart                     Conjuration                  1
   b - Searing Ray                    Conjuration                  2
   c - Dazzling Spray                 Conjuration/Hexes            3
   d - Fulminant Prism                Conjuration/Hexes            4
   e - Iskenderun's Mystic Blast      Conjuration                  4
   f - Iskenderun's Battlesphere      Conjuration/Charms           5
 F - a book of Clouds

   Spells                             Type                      Level
   a - Mephitic Cloud                 Conjuration/Poison/Air       3
   b - Conjure Flame                  Conjuration/Fire             3
   c - Poisonous Cloud                Conjuration/Poison/Air       6
   d - Freezing Cloud                 Conjuration/Ice/Air          6
   e - Ring of Flames                 Charms/Fire                  7
Comestibles
 n - 8 meat rations
 M - 2 bread rations


   Skills:
 - Level 8.0 Fighting
 - Level 14.0(15.9) Axes
 + Level 11.2(13.3) Maces & Flails
 - Level 8.5 Armour
 + Level 6.2 Dodging
 + Level 11.4 Shields
 * Level 13.9 Invocations


You had 12 spell levels left.
You knew the following spells:

 Your Spells              Type           Power        Failure   Level  Hunger
a - Magic Dart            Conj           #...         98%         1    ##.....


Dungeon Overview and Level Annotations

Branches:
Dungeon (14/15)            Temple (0/1) D:6            Lair (0/8) D:10
    Orc (2/2) D:12            Elf (0/3) Orc:2
 Vaults: D:13-14

Altars:
Cheibriados
Dithmenos
Elyvilon
Fedhas
Gozag
Kikubaaqudgha
Nemelex Xobeh
Okawaru
Pakellas
Qazlal
Ru
Sif Muna
Trog
Vehumet
Xom
Yredelemnul
The Shining One
Beogh

Shops:
D:8 %   D:10 =   D:13 *   Orc:2 %}%

Annotations:
D:3 Grinder
D:8 Maurice
D:14 Frances


Message History

Drink which item? (? for menu, Esc to quit)
Okay, then.
Read which item? (? for menu, Esc to quit)
Charge which item? (? for menu, Esc to quit)
As you read the scroll of recharging, it crumbles to dust.
Your wand of teleportation (0/9) glows for a moment and now has 6 charges.
The white ugly thing tentacle-slaps you.
* * * LOW HITPOINT WARNING * * *
The white ugly thing freezes you. You resist.
* * * LOW HITPOINT WARNING * * *
Evoke which item? (* to show all) (? for menu, Esc to quit)
Zapping:
J - a wand of teleportation (6/9)
Press: ? - help, Shift-Dir - straight line, f - you, p - human You feel strangely unstable.
This wand has 5 charges left.
The purple ugly thing punches you!
* * * LOW HITPOINT WARNING * * *
The white ugly thing tentacle-slaps you.
* * * LOW HITPOINT WARNING * * *
The white ugly thing freezes you. You resist.
You die...

...............#.....#
..........######.....#
..........'..........#
###########..........#
. ...........<.....##
#####'##...............
.......#.....p..#####..
5K5.J..#.......u#...#
5.5JK..#......uu@...#
<.KJK..#.....########
########...... ......
......# ...... ....
###### ### ..... ......
......


You could see 3 ugly things and a human (confused).

Vanquished Creatures
  Gastronok (D:12)
  Maud (Orc:1)
  2 hydras
  A centaur warrior (D:13)
  An ogre mage (D:14)
  An orc high priest (Orc:1)
  A deep elf knight (Bailey)
  2 unseen horrors
  2 hill giants (D:13)
  A wolf spider zombie (D:13)
  A large abomination (D:14)
  2 orc knights (Orc:2)
  3 ugly things
  13 wizards (D:12)
  An orc sorcerer (Orc:1)
  8 deep elf magi (Bailey)
  A griffon (D:13)
  3 centaur zombies
  3 kobold demonologists
  3 gargoyles
  2 two-headed ogres (D:14)
  A queen bee (D:11)
  3 trolls
  A vampire (D:10)
  A shadow (D:11)
  A wyvern (D:13)
  2 humans (D:14)
  3 hippogriffs
  9 yaks
  3 hungry ghosts
  A basilisk (D:12)
  3 vampire mosquitoes (D:12)
  Menkaure (D:7)
  A mottled dragon (D:12)
  6 wargs
  Duvessa (D:7)
  2 water moccasins
  An eye of draining (D:11)
  17 orc warriors
  3 sky beasts
  2 necrophages
  4 phantoms
  4 ice beasts
  16 ogres
  17 centaurs
  2 crocodiles
  A gnoll sergeant (D:10)
  3 big kobolds
  14 giant frogs
  Dowan (D:7)
  A wyvern zombie (D:14)
  9 scorpions
  33 killer bees
  12 wights
  4 howler monkeys
  3 electric eels (D:10)
  9 crimson imps
  3 jellies
  4 starcursed masses (D:14)
  4 giant frog zombies
  A quasit (D:9)
  13 orc priests
  2 giant frog skeletons
  9 hounds
  26 orc wizards
  Jessica (D:2)
  2 centaur skeletons
  Natasha (thrice) (D:2)
  5 iguanas
  12 worker ants
  4 sheep (D:11)
  3 hound skeletons
  A worker ant zombie (D:10)
  Robin (D:2)
  2 gnolls (D:10)
  17 adders
  4 shadow imps
  2 oozes
  An adder zombie (D:6)
  2 adder skeletons
  4 worms
  4 dart slugs
  5 giant geckos
  100 orcs
  2 ball pythons
  6 giant cockroaches
  27 goblins
  7 hobgoblins
  12 jackals
  A quokka (D:8)
  14 bats
  2 giant gecko skeletons (D:7)
  8 giant newts
  A jackal skeleton (D:8)
  A jackal zombie (D:5)
  18 kobolds
  A quokka skeleton (D:6)
  9 rats
592 creatures vanquished.

Vanquished Creatures (others)
  A wizard (D:12)
  An orc knight (D:11)
  A merfolk (D:10)
  A vampire mosquito (D:12)
  An orc warrior (Orc:1)
  2 fire vortices (Abyss:3)
  5 toadstools (D:1)
12 creatures vanquished.

Grand Total: 604 creatures vanquished

Notes
Turn   | Place    | Note
--------------------------------------------------------------
     0 | Abyss:1  | Romlok the Hill Orc Abyssal Knight began the quest for the Orb.
     0 | Abyss:1  | Reached XP level 1. HP: 19/19 MP: 2/2
    87 | Abyss:1  | Noticed an ice devil
   109 | Abyss:1  | Noticed a large abomination
   129 | Abyss:1  | Noticed a death drake
   133 | D:1      | Escaped the Abyss
   146 | D:1      | Reached skill level 3 in Axes
   347 | D:1      | Reached XP level 2. HP: 18/26 MP: 3/3
   513 | D:1      | Reached skill level 4 in Axes
   738 | D:1      | Reached * piety under Lugonu
   738 | D:1      | Reached XP level 3. HP: 19/31 MP: 4/4
  1273 | D:2      | Noticed Jessica
  1366 | D:2      | Reached skill level 5 in Axes
  1387 | D:2      | Killed Jessica
  1387 | D:2      | Reached XP level 4. HP: 31/39 MP: 5/5
  1447 | D:2      | Noticed Robin
  1468 | D:2      | Killed Robin
  1468 | D:2      | Reached skill level 6 in Axes
  1534 | D:2      | Noticed Natasha
  1552 | D:2      | Killed Natasha
  1597 | D:2      | Reached XP level 5. HP: 26/45 MP: 6/6
  1772 | D:2      | Noticed Natasha
  1796 | D:2      | Killed Natasha
  1796 | D:2      | Reached skill level 7 in Axes
  2075 | D:2      | Noticed Natasha
  2183 | D:2      | Reached ** piety under Lugonu
  2836 | D:2      | Killed Natasha
  3014 | D:2      | Found a sacrificial altar of Ru.
  3233 | D:2      | Reached skill level 8 in Axes
  3437 | D:3      | Reached XP level 6. HP: 44/51 MP: 7/7
  3441 | D:3      | Noticed Grinder
  3445 | D:3      | Paralysed by Grinder for 6 turns
  3874 | D:3      | Found a shimmering altar of Xom.
  3874 | D:3      | Found a shimmering altar of Xom.
  3875 | D:3      | Found a shimmering altar of Xom.
  3875 | D:3      | Found a shimmering altar of Xom.
  3876 | D:3      | Found a shimmering altar of Xom.
  3917 | D:3      | Reached skill level 1 in Shields
  4098 | D:3      | Found a faded altar to an unknown god.
  4285 | D:3      | Found a shimmering altar of Xom.
  4285 | D:3      | Found a shimmering altar of Xom.
  4285 | D:3      | Found a shimmering altar of Xom.
  4956 | D:4      | Reached *** piety under Lugonu
  5225 | D:3      | Found a glowing golden altar of the Shining One.
  5313 | D:4      | Noticed an orc warrior
  5408 | D:4      | Found a bloodstained altar of Trog.
  5417 | D:4      | Found a snail-covered altar of Cheibriados.
  5913 | D:4      | Reached XP level 7. HP: 42/57 MP: 8/8
  6100 | D:5      | Entered Level 5 of the Dungeon
  7595 | D:5      | Reached skill level 9 in Axes
  7595 | D:5      | Reached skill level 5 in Shields
  7755 | D:5      | Reached **** piety under Lugonu
  8542 | D:4      | Reached XP level 8. HP: 59/64 MP: 9/9
  8875 | D:5      | Found a white marble altar of Elyvilon.
 10290 | D:6      | Reached skill level 10 in Axes
 10794 | D:6      | Found an oddly glowing altar of Pakellas.
 10794 | D:6      | Found a basalt altar of Yredelemnul.
 11136 | D:6      | Gained mutation: Armour fits poorly on your strangely shaped body. [potion of mutation]
 11136 | D:6      | Gained mutation: You tend to lose your temper in combat. [potion of mutation]
 11136 | D:6      | Gained mutation: You are agile. (Dex +2) [potion of mutation]
 11141 | D:6      | Found a staircase to the Ecumenical Temple.
 11208 | D:6      | Found a blossoming altar of Fedhas.
 11208 | D:6      | Found an opulent altar of Gozag.
 11371 | D:7      | Noticed Duvessa
 11371 | D:7      | Noticed Dowan
 11445 | D:7      | Noticed a five-headed hydra
 12141 | D:7      | Reached XP level 9. HP: 58/70 MP: 10/10
 12152 | D:7      | Reached skill level 1 in Maces & Flails
 12338 | D:7      | Noticed Menkaure
 12362 | D:8      | Noticed Maurice
 12431 | D:7      | Killed a one-headed hydra
 12431 | D:7      | Reached skill level 5 in Maces & Flails
 12431 | D:7      | Reached skill level 5 in Invocations
 12596 | D:7      | Killed Duvessa
 12665 | D:7      | Killed Dowan
 13223 | D:7      | Killed Menkaure
 13464 | D:8      | Found Jiuniamm's Food Shoppe.
 13481 | D:7      | Reached XP level 10. HP: 72/77 MP: 14/14
 14926 | D:8      | Reached skill level 5 in Armour
 15223 | D:8      | Found an iron altar of Okawaru.
 15282 | D:8      | Reached ***** piety under Lugonu
 15749 | D:9      | Reached skill level 11 in Axes
 16465 | D:9      | Found a radiant altar of Vehumet.
 17713 | D:9      | Found a deep blue altar of Sif Muna.
 17876 | D:9      | Found a shadowy altar of Dithmenos.
 18503 | D:10     | Entered Level 10 of the Dungeon
 18505 | D:10     | Found a staircase to the Lair.
 19333 | D:10     | Reached skill level 12 in Axes
 19383 | D:10     | Reached XP level 11. HP: 84/84 MP: 17/17
 19619 | D:10     | Lost mutation: You tend to lose your temper in combat. [potion of cure mutation]
 19619 | D:10     | Lost mutation: Armour fits poorly on your strangely shaped body. [potion of cure mutation]
 19619 | D:10     | Lost mutation: You are agile. (Dex +2) [potion of cure mutation]
 20143 | D:10     | Found Deusujek's Jewellery Boutique.
 20150 | D:10     | Bought a cursed ring of teleportation for 54 gold pieces
 20229 | D:10     | Reached skill level 5 in Fighting
 20913 | D:10     | Bought an uncursed ring of see invisible for 180 gold pieces
 20946 | D:10     | Noticed an unseen horror
 20963 | D:10     | Killed an unseen horror
 20963 | D:10     | Reached skill level 13 in Axes
 21542 | D:10     | Found an ancient bone altar of Kikubaaqudgha.
 21927 | D:11     | Noticed a cyclops
 22169 | D:11     | Noticed a hill giant
 23136 | D:11     | Reached skill level 14 in Axes
 23367 | D:11     | Reached skill level 1 in Dodging
 23745 | D:11     | Noticed a brown ugly thing
 24229 | D:12     | Noticed a hill giant
 24765 | D:12     | Noticed a wizard
 24816 | D:12     | Killed a wizard
 25221 | D:12     | Got a fine leather armour
 25222 | D:12     | Identified the +1 leather armour of Okawaru's Vengeance {rF+ rC- rN+} (You found it on level 12 of the Dungeon)
 25278 | D:12     | Noticed an orc knight
 25371 | D:12     | Reached XP level 12. HP: 83/101 MP: 18/18
 26097 | D:12     | Noticed Gastronok
 26921 | D:12     | You fall through a shaft!
 26968 | D:13     | Found a sparkling altar of Nemelex Xobeh.
 26994 | D:13     | Found a shimmering altar of Xom.
 27007 | D:13     | Reached skill level 10 in Invocations
 27199 | D:13     | Found Jerilul's Assorted Antiques.
 27217 | D:13     | Bought a scorched morningstar for 324 gold pieces
 27217 | D:13     | Identified the +12 morningstar "Beastbane" {crush, +Fly rPois rC+} (You bought it in a shop on level 13 of the Dungeon)
 27371 | D:12     | Found a roughly hewn altar of Beogh.
 27371 | D:12     | Found a staircase to the Orcish Mines.
 27437 | D:12     | Killed Gastronok
 28196 | D:12     | Cast into level 3 of the Abyss (a wizard)
 28196 | Abyss:3  | Found a corrupted altar of Lugonu.
 28219 | Abyss:3  | Noticed a bone dragon
 28253 | Abyss:3  | Noticed a rakshasa
 28255 | D:12     | Escaped the Abyss
 28497 | D:12     | Reached skill level 10 in Shields
 28612 | D:12     | Reached XP level 13. HP: 103/107 MP: 21/21
 28811 | D:12     | Learned a level 1 spell: Magic Dart
 28819 | Orc:1    | Entered Level 1 of the Orcish Mines
 28939 | Orc:2    | Entered Level 2 of the Orcish Mines
 29172 | Orc:1    | Found a flagged portal.
 29177 | Bailey   | Entered a bailey
 29305 | Bailey   | Reached skill level 10 in Maces & Flails
 29445 | Bailey   | Reached ****** piety under Lugonu
 29727 | Bailey   | Reached skill level 5 in Dodging
 29771 | Orc:2    | Found a staircase to the Elven Halls.
 29847 | Orc:1    | Found a roughly hewn altar of Beogh.
 29944 | Orc:1    | Identified a scroll of acquirement
 30280 | Orc:2    | Noticed Maud
 30943 | Orc:1    | Killed Maud
 31403 | Abyss:1  | Noticed a starcursed mass
 31499 | Orc:1    | Escaped the Abyss
 32069 | Orc:2    | Found Zeis's Gadget Boutique.
 32072 | Orc:2    | Found Zueziph's Food Shop.
 32097 | Orc:2    | Found Ecaff's Food Emporium.
 32242 | Orc:2    | HP: 2/107 [orc/bolt (9)]
 33886 | D:13     | Reached XP level 14. HP: 112/115 MP: 23/23
 33997 | D:14     | Noticed Frances
 34099 | D:14     | Found a stormy altar of Qazlal.
 34141 | D:14     | Fell from the grace of Lugonu
 34141 | D:14     | Became a worshipper of Qazlal Stormbringer
 34552 | D:14     | Noticed a starcursed mass
 34686 | D:14     | Noticed a starcursed mass
 35495 | D:14     | Reached * piety under Qazlal
 35501 | D:14     | HP: 2/115 [white ugly thing (6)]
 35501 | D:14     | Slain by a white ugly thing

Skill      XL: |  1  2  3  4  5  6  7  8  9 10 11 12 13 14 |
---------------+-------------------------------------------+-----
Axes           | 3 4 5 6 8 9 10 12 14 | 14.0
Shields        | 3 5 8 10 11 | 11.4
Maces & Flails | 6 7 9 11 | 11.2
Invocations    | 6 8 11 13 | 13.9
Armour         | 3 7 8 |  8.5
Fighting       | 4 8 |  8.0
Dodging        | 2 4 5 6 |  6.2

Action                   |  1- 3 |  4- 6 |  7- 9 | 10-12 | 13-15 || total
-------------------------+-------+-------+-------+-------+-------++-------
Melee: Hand axe          |    94 |   367 |   628 |  1419 |       ||  2508
       Morningstar       |       |       |       |    99 |   571 ||   670
Throw: Stone             |    12 |    60 |    96 |    83 |       ||   251
       Tomahawk          |       |       |       |     3 |    11 ||    14
Invok: Depart the Abyss  |     1 |       |       |     1 |     1 ||     3
       Bend Space        |       |       |     6 |     5 |       ||    11
       Banish            |       |       |       |     7 |     1 ||     8
       Enter the Abyss   |       |       |       |       |     1 ||     1
 Abil: Evoke Flight      |       |       |       |       |     1 ||     1
Evoke: Wand              |       |       |     4 |       |     3 ||     7
  Use: Scroll            |     4 |     2 |     4 |    11 |    11 ||    32
       Potion            |     1 |     3 |     7 |     8 |     2 ||    21
 Stab: Distracted        |       |     1 |       |       |       ||     1
       Confused          |       |       |     3 |       |       ||     3
       Invisible         |       |       |       |     2 |       ||     2
       Sleeping          |       |       |       |     1 |       ||     1
  Eat: Chunk             |     2 |    15 |    15 |    26 |    23 ||    81
       Bread ration      |       |       |     3 |     3 |       ||     6
       Fruit             |       |       |     2 |       |       ||     2
       Meat ration       |       |       |       |     3 |       ||     3
       Beef jerky        |       |       |       |     1 |       ||     1
Armor: Leather armour    |    24 |    81 |    65 |       |       ||   170
       Ring mail         |       |       |    10 |   263 |    39 ||   312
       Scale mail        |       |       |       |       |    77 ||    77
Dodge: Dodged            |    43 |   126 |   134 |   347 |   193 ||   843
Block: Shield            |       |    47 |   202 |   607 |   273 ||  1129
       Large shield      |       |       |       |       |     7 ||     7
